 Dungeon Crawl Stone Soup version 0.20.1-1-g8b1a95d (webtiles) character file.

1432 Gaplan the Cleaver (level 8, -2/70 HPs)
             Began as a Hill Orc Berserker on July 21, 2017.
             Was a High Priest of Trog.
             Slain by an ice beast (5 damage)
             ... on level 5 of the Dungeon.
             The game lasted 00:15:50 (6017 turns).

Gaplan the Cleaver (Hill Orc Berserker)             Turns: 6017, Time: 00:15:50

Health: -2/70      AC:  8    Str: 22    XL:     8   Next: 73%
Magic:  8/8        EV: 10    Int:  5    God:    Trog [*****.]
Gold:   257        SH:  0    Dex: 12    Spells: 7/7 levels left

rFire    . . .     SeeInvis .   a - +0 hand axe
rCold    + . .     Gourm    .   (no shield)
rNeg     . . .     Faith    .   i - +0 scale mail
rPois    .         Spirit   .   (no helmet)
rElec    .         Reflect  .   (no cloak)
rCorr    .         Harm     .   (no gloves)
MR       .....                  y - +0 pair of boots
Stlth    ..........             g - amulet of rage
Regen    0.3/turn               u - ring of protection from cold
MPRegen  0.2/turn               (no ring)

@: berserk cooldown, slowed, drained, very slow
A: agile 1, dopey 1, mutation resistance 1
a: Berserk, Trog's Hand, Brothers in Arms, Burn Spellbooks, Renounce Religion,
Evoke Berserk Rage


You were on level 5 of the Dungeon.
You worshipped Trog.
Trog was extremely pleased with you.
You were hungry.

You visited 1 branch of the dungeon, and saw 5 of its levels.
You also visited: Ossuary.

You collected 257 gold pieces.

Inventory:

Hand Weapons
 a - a +0 hand axe (weapon)
Armour
 b - a +0 animal skin
 i - a +0 scale mail (worn)
 y - a +0 pair of boots (worn)
Jewellery
 g - an amulet of rage (around neck)
 u - a ring of protection from cold (left hand)
Wands
 k - a wand of paralysis (14/24)
 o - a wand of paralysis (10/24)
 A - a wand of flame (28/48)
Scrolls
 e - 2 scrolls of enchant armour {unknown}
 f - 4 scrolls of enchant weapon {unknown}
 h - 2 scrolls of immolation {unknown}
 l - 2 scrolls of remove curse {unknown}
 m - 3 scrolls of random uselessness {unknown}
 n - a scroll of noise {unknown}
 p - 6 scrolls of identify {unknown}
 r - 2 scrolls of fog {unknown}
 w - a scroll of magic mapping {unknown}
 x - a scroll of recharging {unknown}
 B - 4 scrolls of teleportation {unknown}
Potions
 q - a potion of might {unknown}
 s - 8 potions of curing
 v - a potion of invisibility {unknown}
 z - a potion of brilliance
Comestibles
 c - 3 bread rations
 d - 9 fruits
 j - 3 meat rations
 t - 2 chunks of flesh


   Skills:
 + Level 5.7(4.7) Fighting
 * Level 11.7(10.6) Axes
 + Level 5.4(4.3) Armour
 - Level 1.5(0.6) Dodging


You had 7 spell levels left.
You didn't know any spells.

Dungeon Overview and Level Annotations

Branches:
Dungeon (5/15)
 Temple: D:4-7

Altars:
Gozag
Hepliaklqana
Kikubaaqudgha
Makhleb
Nemelex Xobeh
Okawaru
Xom
Zin


Innate Abilities, Weirdness & Mutations

You are agile. (Dex +2)
You are dopey. (Int -2)
You are somewhat resistant to further mutation.


Message History

You kill the orc!
Trog accepts your kill.
You slash the ice beast! The ice beast hits you. The ice beast freezes you.
You resist.
* * * LOW HITPOINT WARNING * * *
The ogre hits you with a giant spiked club!!
* * * LOW HITPOINT WARNING * * *
Items here: $ ) [ † a hand axe; a ring mail; 10 gold pieces; an orc corpse You feel a strong urge to attack something.
You are no longer berserk.
You are exhausted.
You feel yourself slow down.
You hit the ogre.
The ogre is moderately wounded.
You hit the ice beast. You hit the orc. The orc hits you but does no damage.
The ogre barely misses you. The ice beast hits you.
* * * LOW HITPOINT WARNING * * *
The ice beast freezes you. You resist.
You die...

#..§..........
#.>.##o########. ### #O#
.## #.# ..# #Y# #.# #.#
#.# #.#########.# ########
#...(...oO).# #.<....#
#.##.....@Y.#######.####.#
#.#.................# #.#
#......###.########## #..
####.#...## #.# ###
........#####.#
####..........#
############


You could see an ice beast, an ogre and an orc.

Vanquished Creatures
  Pikel (D:5)
  Edmund (D:5)
  2 slaves (D:5)
  A phantom (D:4)
  3 elf zombies (Ossuary)
  A howler monkey (D:4)
  A human zombie (Ossuary)
  A centaur skeleton (D:4)
  Natasha (thrice) (D:2)
  An iguana (D:4)
  2 worker ants (D:5)
  A big kobold zombie (Ossuary)
  2 mummies (Ossuary)
  11 adders
  4 oozes
  3 worms (D:2)
  3 dart slugs
  8 leopard geckos
  8 orcs
  7 bats
  4 giant cockroaches
  11 goblins
  8 hobgoblins
  11 jackals
  9 kobolds
  2 quokkas
  A ball python (D:5)
  12 frilled lizards
  2 goblin zombies (Ossuary)
  9 hobgoblin zombies (Ossuary)
  2 jackal zombies (Ossuary)
  11 kobold zombies (Ossuary)
  7 orc zombies (Ossuary)
  17 rats
  A rat zombie (Ossuary)
171 creatures vanquished.

Vanquished Creatures (others)
  2 slaves (D:5)
  A howler monkey (D:5)
  A jelly (D:5)
  2 orcs (D:5)
6 creatures vanquished.

Grand Total: 177 creatures vanquished

Notes
Turn   | Place    | Note
-------+----------+-------------------------------------------
     0 | D:1      | Gaplan the Hill Orc Berserker began the quest for the Orb.
     0 | D:1      | Reached XP level 1. HP: 19/19 MP: 1/1
     0 | D:1      | Noticed a tentacled monstrosity
     0 | D:1      | Noticed a red draconian
     1 | D:1      | Noticed an ice dragon
     1 | D:1      | Noticed a large abomination
     3 | D:1      | Noticed a green draconian
     5 | D:1      | Noticed a shadow dragon
     7 | D:1      | Noticed a green draconian
     8 | D:1      | Noticed a large abomination
    10 | D:1      | Noticed a shadow dragon
    10 | D:1      | Noticed a golden dragon
    12 | D:1      | Noticed an ice dragon
    12 | D:1      | Noticed a yellow draconian
    14 | D:1      | Noticed a shadow dragon
    14 | D:1      | Noticed a shadow dragon
    14 | D:1      | Noticed a large abomination
    16 | D:1      | Noticed a tentacled monstrosity
    16 | D:1      | Noticed a yellow draconian
    18 | D:1      | Noticed a tentacled monstrosity
    20 | D:1      | Noticed an orb of fire
   232 | D:1      | Reached XP level 2. HP: 2/27 MP: 2/2
   612 | D:1      | Reached skill level 5 in Axes
   618 | D:1      | Reached XP level 3. HP: 24/33 MP: 3/3
   821 | D:1      | Reached ** piety under Trog
  1212 | D:2      | Found a hazy altar of Hepliaklqana.
  1212 | D:2      | Found an iron altar of Okawaru.
  1386 | D:2      | Reached XP level 4. HP: 40/40 MP: 4/4
  1419 | D:2      | Reached skill level 6 in Axes
  2185 | D:2      | Reached XP level 5. HP: 41/46 MP: 5/5
  2358 | D:2      | Noticed Natasha
  2365 | D:2      | Killed Natasha
  2430 | D:2      | Noticed Natasha
  2438 | D:2      | Killed Natasha
  2624 | D:2      | Noticed Natasha
  2637 | D:2      | Killed Natasha
  2637 | D:2      | Reached skill level 7 in Axes
  3117 | D:3      | Found an ancient bone altar of Kikubaaqudgha.
  3273 | D:3      | Reached *** piety under Trog
  3422 | D:3      | Reached XP level 6. HP: 52/53 MP: 6/6
  4310 | D:4      | Found a sand-covered staircase.
  4314 | Ossuary  | Entered an ossuary
  4386 | Ossuary  | Reached **** piety under Trog
  4461 | Ossuary  | Reached skill level 8 in Axes
  4558 | Ossuary  | Reached XP level 7. HP: 60/60 MP: 7/7
  4570 | Ossuary  | Reached skill level 9 in Axes
  4701 | Ossuary  | Gained mutation: You are agile. (Dex +2) [potion of mutation]
  4701 | Ossuary  | Gained mutation: You are dopey. (Int -2) [potion of mutation]
  4701 | Ossuary  | Gained mutation: You are somewhat resistant to further mutation. [potion of mutation]
  4853 | D:4      | Found a blossoming altar of Fedhas.
  4855 | D:4      | Found a shimmering altar of Xom.
  4855 | D:4      | Found a hide-covered altar of Uskayaw.
  4857 | D:4      | Found an opulent altar of Gozag.
  4857 | D:4      | Found an opulent altar of Gozag.
  4857 | D:4      | Found a sparkling altar of Nemelex Xobeh.
  5041 | D:4      | Found a burning altar of Makhleb.
  5041 | D:4      | Found a glowing silver altar of Zin.
  5042 | D:4      | Noticed an angel
  5042 | D:4      | Noticed a balrug
  5179 | D:4      | Reached skill level 10 in Axes
  5204 | D:4      | Reached ***** piety under Trog
  5204 | D:4      | Reached skill level 5 in Fighting
  5415 | D:5      | Entered Level 5 of the Dungeon
  5420 | D:5      | Noticed Pikel
  5436 | D:5      | Paralysed by Pikel for 4 turns
  5442 | D:5      | Killed Pikel
  5442 | D:5      | Reached skill level 11 in Axes
  5442 | D:5      | Reached skill level 5 in Armour
  5442 | D:5      | Reached XP level 8. HP: 29/69 MP: 8/8
  5721 | D:5      | Noticed Edmund
  5743 | D:5      | Killed Edmund
  6015 | D:5      | HP: 5/105 [ogre/giant spiked club (23)]
  6017 | D:5      | Slain by an ice beast

Skill      XL: |  1  2  3  4  5  6  7 |
---------------+----------------------+-----
Axes           | 5 6 7 8 11 | 11.7
Fighting       | 4 5 |  5.7
Armour         | 3 5 |  5.4
Dodging        | |  1.5

Action                   |  1- 3 |  4- 6 |  7- 9 || total
-------------------------+-------+-------+-------++-------
Melee: Hand axe          |   120 |   369 |   171 ||   660
Invok: Berserk           |     1 |     2 |     3 ||     6
  Use: Potion            |       |       |     7 ||     7
 Stab: Sleeping          |     3 |       |       ||     3
  Eat: Chunk             |     3 |    11 |     6 ||    20
       Royal jelly       |       |       |     1 ||     1
Armor: Animal skin       |    14 |       |       ||    14
       Scale mail        |    43 |   130 |    68 ||   241
Dodge: Dodged            |    77 |   149 |    87 ||   313
